 Dungeon Crawl Stone Soup version 0.28.0-43-g3370ac3207 (webtiles) character file.

Game seed: 8370000612573827595

427 cbfl8 the Sneak (level 6, 0/53 HPs)
             Began as a Minotaur Delver on Feb 28, 2022.
             Slain by Sigmund
             ... wielding a +0 scythe
              (12 damage)
             ... on level 3 of the Dungeon.
             The game lasted 00:09:18 (5551 turns).

cbfl8 the Sneak (Minotaur Delver)                   Turns: 5551, Time: 00:09:19

Health: 0/53       AC:  5    Str: 19    XL:     6   Next: 65%
Magic:  5/5        EV: 11    Int:  7    God:
Gold:   50         SH:  0    Dex: 11    Spells: 5/5 levels left

rFire   + . .      SeeInvis .   a - +0 hand axe
rCold   . . .      Faith    .   (no shield)
rNeg    . . .      Spirit   .   o - +0 ring mail
rPois   .          Reflect  .   (helmet restricted)
rElec   .          Harm     .   (no cloak)
rCorr   .          Rampage  .   (no gloves)
Will    .....                   (no boots)
Stlth   ++........              (no amulet)
HPRegen 0.17/turn               r - ring of protection from fire
MPRegen 0.09/turn               (no ring)

@: no status effects
A: horns 2, retaliatory headbutt
a: no special abilities


You were on level 3 of the Dungeon.
You visited 1 branch of the dungeon, and saw 6 of its levels.
You also visited: Sewer.

You collected 50 gold pieces.

Inventory:

Hand Weapons
 a - a +0 hand axe (weapon)
Armour
 b - a +0 leather armour
 o - a +0 ring mail (worn)
Jewellery
 r - a ring of protection from fire (left hand)
Wands
 g - a wand of digging (3)
Scrolls
 c - 2 scrolls of fog
 d - 2 scrolls of fear
 h - a scroll of teleportation {unknown}
 i - 3 scrolls of blinking {unknown}
 j - a scroll of magic mapping
 p - a scroll of amnesia {unknown}
 q - a scroll of identify {unknown}
 t - a scroll of torment {unknown}
Potions
 e - 3 potions of heal wounds {unknown}
 f - a potion of haste
 k - a potion of lignification {unknown}
 l - a potion of flight {unknown}
 m - a potion of degeneration {unknown}
 n - a potion of ambrosia {unknown}
 s - a potion of might {unknown}


   Skills:
 + Level 4.6 Fighting
 + Level 5.1 Axes
 + Level 3.5 Armour
 + Level 3.5 Dodging
 + Level 5.1 Stealth


You had 5 spell levels left.
You didn't know any spells.
Your spell library contained the following spells:

 Spells                   Type           Power      Damage    Failure   Level
 Confusing Touch          Hex            0%         N/A       93%         3
 Alistair's Intoxication  Tmut/Pois      0%         N/A       100%        5
 Borgnjor's Vile Clutch   Necr/Erth      0%         N/A       100%        5
 Yara's Violent Unravell  Hex/Tmut       0%         3d3       100%        5
 Eringya's Noxious Bog    Tmut/Pois      0%         N/A       100%        6
 Enfeeble                 Hex            0%         N/A       100%        7


Dungeon Overview and Level Annotations

Branches:
Dungeon (6/15)              Sewer (visited)
 Temple: D:4-7

Altars:

Shops:
D:4 !

Annotations:
D:3 Sigmund


Innate Abilities, Weirdness & Mutations

You have a pair of horns on your head.
You reflexively headbutt those who attack you in melee.


Message History

The kobold throws a stone.
The stone closely misses you.
Sigmund points at you and mumbles some strange words.
The puff of flame hits you. You resist.
Sigmund points at you and mumbles some strange words.
You are confused.
The kobold barely misses you.
Sigmund gestures wildly while chanting.
Sigmund flickers and vanishes!
Deactivating autopickup; reactivate with Ctrl-A.
The kobold hits you with a +0 dagger.
You see here a ring of magical power.
You hear some strange, mumbled words.
You are more confused.
The kobold misses you.
You completely miss something. You hit the kobold.
You kill the kobold!
You hear some strange, mumbled words.
You are more confused.
Something hits you! Something hits you!
You see here a ring of magical power.
Something hits you but does no damage.
Things that are here:
a +0 dagger; a stone Something hits you!
Something hits you.
An endoplasm comes into view.
The endoplasm moves out of view.
You hear some strange, mumbled words.
A puff of flame appears from out of thin air!
The puff of flame hits you. You resist. Something hits you but does no damage.
You completely miss something.
You feel less confused.
You hear some strange, mumbled words.
A magic dart appears from out of thin air!
The magic dart hits you!
* * * LOW HITPOINT WARNING * * *
You hit something but do no damage. Something hits you!
You die...

####### .. ......##
..# ..#. #.....# ..#
...... #.....###..#
...... #..........##
......###...........#
#..................##
#..........<.........
#..........{@..J..#.#
#.......=...........#
#.......)....###.#..#
#........##### .# ..
#........# # .
.....#....#
.#####....# +....#
#...# #....# #....


You could see an endoplasm.

Vanquished Creatures
  2 kobold brigands (Sewer)
  A scorpion (D:4)
  Natasha (twice) (D:2)
  7 adders
  3 river rats (Sewer)
  A white imp (D:5)
  3 worms
  5 ball pythons
  11 endoplasms
  10 giant cockroaches
  3 goblins
  3 hobgoblins
  4 jackals (D:4)
  4 quokkas
  6 bats (D:1)
  A frilled lizard (D:2)
  12 kobolds
  8 rats
86 creatures vanquished.

Notes
Turn   | Place    | Note
-------+----------+-------------------------------------------
     0 | D:5      | cbfl8 the Minotaur Delver began the quest for the Orb.
     0 | D:5      | Reached XP level 1. HP: 19/19 MP: 0/0
    27 | D:6      | Noticed a sky beast
   362 | D:5      | Noticed a jelly
   398 | D:4      | Reached XP level 2. HP: 24/27 MP: 1/1
   467 | D:4      | Found a glowing drain.
   480 | Sewer    | Entered a sewer
   553 | Sewer    | Noticed a kobold brigand
   770 | Sewer    | Reached XP level 3. HP: 32/33 MP: 2/2
   791 | Sewer    | Reached skill level 1 in Armour
  1018 | Sewer    | Killed a kobold brigand
  1019 | Sewer    | Reached XP level 4. HP: 21/40 MP: 3/3
  2019 | Sewer    | Reached XP level 5. HP: 33/46 MP: 4/4
  2976 | D:4      | Reached skill level 5 in Stealth
  3024 | D:4      | Found Lydiolo's Distillery.
  3026 | D:4      | Reached XP level 6. HP: 53/53 MP: 5/5
  3128 | D:2      | Noticed Natasha
  3142 | D:2      | Killed Natasha
  3224 | D:2      | Noticed Natasha
  4966 | D:2      | Reached skill level 5 in Axes
  5386 | D:2      | Killed Natasha
  5529 | D:3      | Noticed Sigmund
  5551 | D:3      | Slain by Sigmund

Illustrated notes

Levels and vault maps discovered:
D:1:      minmay_arrival_solitary_statue, layout_basic
D:2:      layout_loops_corners, serial_rivers, chequers_serial_rivers_micro_e,
          chequers_serial_rivers_room_b, chequers_serial_rivers_micro_b,
          chequers_serial_rivers_micro_d, uniq_natasha
D:3:      layout_basic, mainiacjoe_overflow_small_starburst,
          shapermc_ecumenical_altar_mp_urbaneastern, uniq_ijyb, uniq_terence,
          uniq_sigmund
D:4:      layout_cave_pools, mainiacjoe_overflow_alcove_4,
          nicolae_hepliaklqana_hippocampus, gup_sewer_entry_pipe, serial_shops,
          shop
D:5:      layout_basic, temple_doors_cd, uniq_edmund
D:6:      layout_cave_pools, gammafunk_temple_overflow_wave, st_stairs_7

Skill      XL: |  1  2  3  4  5  6 |
---------------+-------------------+-----
Axes           | 3 4 5 |  5.1
Armour         | 1 2 3 |  3.5
Fighting       | 4 |  4.6
Dodging        | 3 |  3.5
Stealth        | 5 |  5.1

Action                   |  1- 3 |  4- 6 || total
-------------------------+-------+-------++-------
Melee: Hand axe          |    48 |   173 ||   221
       Headbutt          |     4 |    25 ||    29
       Punch             |       |     1 ||     1
  Use: Scroll            |     2 |       ||     2
 Stab: Sleeping          |     2 |     6 ||     8
Armor: Leather armour    |     9 |    26 ||    35
       Ring mail         |       |    26 ||    26
Dodge: Dodged            |    39 |   155 ||   194
